 Dungeon Crawl Stone Soup version 0.27-a0-1046-g98bf31544f (webtiles) character file.

Game seed: 2295304158765100188

77 streetpizza the Ducker (level 4, -1/34 HPs)
             Began as a Djinni Artificer on Apr 19, 2021.
             Slain by a river rat (7 damage)
             ... on level 3 of the Dungeon.
             The game lasted 00:06:25 (2929 turns).

streetpizza the Ducker (Djinni Artificer)           Turns: 2929, Time: 00:06:26

Health: -1/34      AC:  3    Str: 11    XL:     4   Next: 33%
Gold:   79         EV: 12    Int: 14    God:
                   SH:  0    Dex: 13

rFire    + + .     SeeInvis .   f - +0 hand axe
rCold    x . .     Faith    .   (no shield)
rNeg     . . .     Spirit   .   b - +0 leather armour
rPois    ∞         Reflect  .   (no helmet)
rElec    .         Harm     .   (no cloak)
rCorr    .         Rampage  .   (no gloves)
Will     .....                  (boots unavailable)
Stlth    +.........             (no amulet)
HPRegen  0.11/turn              (no ring)
MPRegen  0.00/turn              (no ring)

@: flying
A: fire resistance 2, cold vulnerability 1, float, innate caster, hp casting,
extra vitality 1
a: no special abilities


You were on level 3 of the Dungeon.
You visited 1 branch of the dungeon, and saw 3 of its levels.

You collected 79 gold pieces.

Inventory:

Hand Weapons
 a - a +0 club
 f - a +0 hand axe (weapon)
Armour
 b - a +0 leather armour (worn)
Wands
 c - a wand of flame (15) (quivered)
 d - a wand of charming (15)
Scrolls
 g - 2 scrolls of enchant weapon {unknown}
 i - 3 scrolls of brand weapon {unknown}
 j - a scroll of fog {unknown}
 l - a scroll of amnesia {unknown}
 n - a scroll of acquirement {unknown}
 o - a scroll of teleportation {unknown}
 p - a scroll of immolation {unknown}
Potions
 h - a potion of curing {unknown}
 k - a potion of brilliance {unknown}
 m - a potion of haste {unknown}
Miscellaneous
 e - a piece from Xom's chessboard (15/15)


   Skills:
 + Level 2.3 Fighting
 - Level 1.0 Armour
 + Level 3.3 Dodging
 - Level 0.7 Stealth
 + Level 1.5 Spellcasting
 - Level 3.0 Evocations


You had 5 spell levels left.
You knew the following spells:

 Your Spells              Type           Power      Damage    Failure   Level
a - Shock                 Conj/Air       20%        1d4       17%         1
Your spell library was empty.

Dungeon Overview and Level Annotations

Branches:
Dungeon (3/15)

Altars:

Portals:
Sewer: D:3


Innate Abilities, Weirdness & Mutations

You are immune to poison.
Your flesh is very heat resistant. (rF++)
You are vulnerable to cold. (rC-)
You float through the air rather than walking.
You learn spells naturally, not from books.
Your magical power is your life essence.
You have superior vitality. (+4 HP)


Message History

The ball python misses you. The ball python grabs you.
The ball python constricts you.
The ball python bites you but does no damage.
The ball python constricts you.
You barely miss the ball python. The ball python closely misses you.
The ball python constricts you.
You closely miss the ball python. The ball python barely misses you.
The ball python constricts you. The ball python misses you.
The ball python constricts you.
You slash the ball python!
You kill the ball python!
The giant cockroach closely misses you.
You hit the giant cockroach but do no damage.
The giant cockroach bites you but does no damage.
The giant cockroach closely misses you.
You closely miss the giant cockroach. The giant cockroach misses you.
You slash the giant cockroach!
You kill the giant cockroach!
You hit the river rat.
The river rat is moderately wounded.
The river rat misses you.
You hit the river rat but do no damage.
The river rat is moderately wounded.
The river rat barely misses you.
You hit the river rat.
The river rat is heavily wounded.
The river rat bites you.
* * * LOW HITPOINT WARNING * * *
The river rat closely misses you.
You hit the river rat.
The river rat is heavily wounded.
The river rat barely misses you.
You hit the river rat but do no damage.
The river rat is heavily wounded.
The river rat bites you.
* * * LOW HITPOINT WARNING * * *
You barely miss the river rat.
The river rat is heavily wounded.
The river rat bites you!
You die...

#..≈≈r≈# #...≈≈≈#
#....B≈# ##?# #r.#
##B## #. #..#
#.################.##
..............@r.†.#
........##.#########
........##.#
.....S...##.#
.........##.#
........##.#
...####.##.# #.#
#.##.# #.# #.#


You could see a river rat.

Vanquished Creatures
  An adder (D:2)
  A river rat (D:3)
  A worm (D:2)
  A dart slug (D:1)
  8 ball pythons
  2 endoplasms (D:1)
  3 giant cockroaches
  A goblin (D:1)
  6 hobgoblins
  3 jackals (D:1)
  6 kobolds
  2 quokkas
  7 bats
  3 frilled lizards
  6 rats
51 creatures vanquished.

Notes
Turn   | Place    | Note
-------+----------+-------------------------------------------
     0 | D:1      | streetpizza the Djinni Artificer began the quest for the
                  | Orb.
     0 | D:1      | Reached XP level 1. HP: 17/17 MP: 0/0
   242 | D:1      | Reached XP level 2. HP: 22/22 MP: 0/0
  1122 | D:1      | Reached skill level 1 in Spellcasting
  1127 | D:1      | Reached XP level 3. HP: 10/28 MP: 0/0
  1127 | D:1      | Learned a level 1 spell: Shock
  1567 | D:2      | HP: 1/28 [worm (4)]
  1580 | D:1      | HP: 1/28 [frilled lizard (1)]
  2478 | D:2      | Reached XP level 4. HP: 31/33 MP: 0/0
  2878 | D:3      | Found a glowing drain.
  2929 | D:3      | Slain by a river rat

Illustrated notes

Levels and vault maps discovered:
D:1:      lemuel_arrival_muddy, layout_basic
D:2:      layout_rooms
D:3:      layout_loops_ring, minitemple, portal_sewer_entry_b, uniq_robin,
          uniq_jessica

Skill      XL: |  1  2  3 |
---------------+----------+-----
Spellcasting   | 1 |  1.5
Dodging        | 3 |  3.3
Fighting       | 2 |  2.3
Armour         | |  1.0
Stealth        | |  0.7
Evocations     | |  3.0

Action                   |  1- 3 |  4- 6 || total
-------------------------+-------+-------++-------
Melee: Hand axe          |   142 |    53 ||   195
 Cast: Shock             |     4 |       ||     4
 Stab: Sleeping          |     1 |       ||     1
Armor: Leather armour    |    49 |    10 ||    59
Dodge: Dodged            |   118 |    40 ||   158

Table legend: (Time is in decaauts)
 A = Elapsed time spent in this place.
 B = Non-inter-level travel time spent in this place.
 C = Inter-level travel time spent in this place.
 D = Time resting spent in this place.
 E = Time spent auto-exploring this place.
 F = Levels seen in this place.
 G = Mean time per level.
                   A        B        C        D        E       F      G
               +--------+--------+--------+--------+--------+-----+--------+
         Total |   2987 |   2916 |     71 |    298 |   2092 |   3 |  995.7 |
       Dungeon |   2987 |   2916 |     71 |    298 |   2092 |   3 |  995.7 |
               +--------+--------+--------+--------+--------+-----+--------+

Top non-repeatable levels by time:
     D:1: 1866 daAuts
     D:2: 944 daAuts
     D:3: 177 daAuts
